 Dungeon Crawl Stone Soup version 0.22.0 (webtiles) character file.

77 Blackhawk the Skirmisher (level 4, 0/37 HPs)
             Began as a Formicid Abyssal Knight on Oct 26, 2018.
             Was a Follower of Lugonu.
             Slain by Terence
             ... wielding a +6 flail
              (4 damage)
             ... on level 2 of the Dungeon.
             The game lasted 00:02:47 (1799 turns).

Blackhawk the Skirmisher (Formicid Abyssal Knight)  Turns: 1799, Time: 00:02:47

Health: 0/37       AC: 11    Str: 18    XL:     4   Next: 60%
Magic:  6/6        EV:  5    Int: 11    God:    Lugonu [*.....]
Gold:   109        SH:  0    Dex: 10    Spells: 3/3 levels left

rFire    . . .     SeeInvis +   a - +1 mace
rCold    . . .     Gourm    .   (no shield)
rNeg     . . .     Faith    .   n - +0 plate armour
rPois    .         Spirit   .   (helmet unavailable)
rElec    .         Reflect  .   (no cloak)
rCorr    .         Harm     .   (no gloves)
MR       .....                  (no boots)
Stlth    ..........             (no amulet)
HPRegen  0.12/turn              (no ring)
MPRegen  0.10/turn              (no ring)

@: lethally poisoned (0 -> -2)
A: permanent stasis, dig shafts and tunnels, four strong arms, antennae 3
a: Dig, Shaft Self, Depart the Abyss, Renounce Religion


You were on level 2 of the Dungeon.
You worshipped Lugonu.
Lugonu was aware of your devotion.
You were not hungry.

You visited 1 branch of the dungeon, and saw 2 of its levels.
You visited the Abyss 1 time.

You collected 109 gold pieces.

Inventory:

Hand Weapons
 a - a +1 mace (weapon)
 d - a +1 hunting sling of flaming
Missiles
 k - 44 stones (quivered)
Armour
 b - a +0 leather armour
 n - a +0 plate armour (worn)
Jewellery
 i - an uncursed ring of positive energy {unknown}
Wands
 m - a wand of polymorph (16)
Scrolls
 e - a scroll of teleportation {unknown}
 g - 4 scrolls of identify {unknown}
 j - 2 scrolls of enchant armour {unknown}
 p - a scroll of blinking {unknown}
 r - 2 scrolls of amnesia {unknown}
Potions
 f - a potion of mutation {unknown}
 h - a potion of curing {unknown}
 l - 2 potions of magic {unknown}
 q - a potion of degeneration {unknown}
Comestibles
 c - 4 rations


   Skills:
 + Level 3.8 Fighting
 + Level 2.6 Maces & Flails
 + Level 2.9 Armour
 + Level 1.7 Dodging
 + Level 3.0 Invocations


You had 3 spell levels left.
You didn't know any spells.
Your spell library was empty.

Dungeon Overview and Level Annotations

Branches:
Dungeon (2/15)

Altars:

Annotations:
D:2 Terence


Innate Abilities, Weirdness & Mutations

You cannot be hasted, slowed, berserked, paralysed or teleported.
You can dig through walls and to a lower floor.
Your four strong arms can wield two-handed weapons with a shield.
You have a pair of large antennae on your head. (SInv)


Message History

Terence hits you with an enchanted flail.
All of the chunks of flesh in your inventory have rotted away.
You hit Terence but do no damage.
Terence is lightly wounded.
You feel sick. Terence hits you but does no damage. x2
You closely miss Terence.
Terence is lightly wounded.
Terence barely misses you.
You barely miss Terence.
Terence is lightly wounded.
You feel sick.
Terence hits you with an enchanted flail!
* * * LOW HITPOINT WARNING * * *
You hit Terence but do no damage.
Terence is lightly wounded.
Terence hits you but does no damage.
You hit Terence but do no damage.
Terence is lightly wounded.
Terence hits you with an enchanted flail.
You die...

#................
####.........####
###.####### #.# #.# ###
#.# ##.## #.#
##...###########.####
#.........@@SK##....#####.
##...###.####.##..$.......
#..## #.# #.#.......#
#..## #.# #.K..(.# #...#
#.# #.#....# #.#.# #.#
#.##...# #.#.# #.#
#......# #### #.#.###.#
####..## ...# #.......#
#..#


You could see Terence, an adder and a kobold.

Vanquished Creatures
  Jessica (D:2)
  An adder (D:2)
  2 dart slugs (D:1)
  2 ball pythons
  2 giant cockroaches (D:1)
  5 goblins
  8 hobgoblins
  4 kobolds
  4 bats (D:1)
  4 frilled lizards
  3 rats
36 creatures vanquished.

Notes
Turn   | Place    | Note
-------+----------+-------------------------------------------
     0 | Abyss:1  | Blackhawk the Formicid Abyssal Knight began the quest for the Orb.
     0 | Abyss:1  | Reached XP level 1. HP: 18/18 MP: 2/2
    35 | Abyss:1  | Noticed a thrashing horror
    36 | D:1      | Escaped the Abyss
    91 | D:1      | Reached skill level 1 in Dodging
   106 | D:1      | Reached XP level 2. HP: 18/24 MP: 3/3
   511 | D:1      | Reached * piety under Lugonu
   712 | D:1      | Reached XP level 3. HP: 20/29 MP: 4/4
  1338 | D:2      | Noticed Jessica
  1373 | D:2      | Killed Jessica
  1373 | D:2      | Reached XP level 4. HP: 33/37 MP: 6/6
  1773 | D:2      | Noticed Terence
  1799 | D:2      | Slain by Terence

Skill      XL: |  1  2  3 |
---------------+----------+-----
Dodging        | 1 |  1.7
Invocations    | 3 |  3.0
Fighting       | |  3.8
Maces & Flails | |  2.6
Armour         | |  2.9

Action                   |  1- 3 |  4- 6 || total
-------------------------+-------+-------++-------
Melee: Mace              |    99 |    26 ||   125
 Fire: Hunting sling     |     4 |       ||     4
Invok: Depart the Abyss  |     1 |       ||     1
  Eat: Chunk             |     1 |     2 ||     3
Armor: Leather armour    |    30 |       ||    30
       Plate armour      |    13 |    21 ||    34
Dodge: Dodged            |    71 |     6 ||    77
